 Dungeon Crawl Stone Soup version 0.30.1 (webtiles) character file.

Game seed: 7070364388825483660

282 angelslayer the Chopper (level 6, -1/56 HPs)
             Began as a Minotaur Fighter on July 7, 2023.
             Slain by a sky beast (6 damage)
             ... on level 4 of the Dungeon.
             The game lasted 00:11:28 (2272 turns).

angelslayer the Chopper (Minotaur Fighter)          Turns: 2272, Time: 00:11:29

Health: -1/56      AC: 12    Str: 20    XL:     6   Next: 6%
Magic:  5/5        EV:  5    Int:  5    God:
Gold:   181        SH:  5    Dex: 12    Spells: 5/5 levels left

rFire   . . .        a - +0 war axe
rCold   . . .        c - +0 buckler
rNeg    + . .        e - +0 plate armour
rPois   .            (helmet restricted)
rElec   .            (no cloak)
rCorr   .            (no gloves)
SInv    .            (no boots)
Will    .....        (no amulet) Stlth
                     o - ring of positive energy
HPRegen 0.29/turn    (no ring)
MPRegen 0.09/turn

%: no passive effects
@: no status effects
A: horns 2, retaliatory headbutt
a: no special abilities


You were on level 4 of the Dungeon.
You visited 1 branch of the dungeon, and saw 4 of its levels.

You collected 181 gold pieces.

Inventory:

Hand Weapons
 a - a +0 war axe (weapon)
Missiles
 h - 45 stones (quivered)
Armour
 b - a +0 scale mail
 c - a +0 buckler (worn)
 e - a +0 plate armour (worn)
Jewellery
 o - a ring of positive energy (left hand)
Scrolls
 g - 2 scrolls of amnesia {unknown}
 l - 2 scrolls of magic mapping {unknown}
 m - 3 scrolls of teleportation {unknown}
 n - 3 scrolls of identify {unknown}
 p - a scroll of poison {unknown}
 q - a scroll of vulnerability {unknown}
 r - a scroll of blinking {unknown}
Potions
 d - 2 potions of might
 i - a potion of berserk rage {unknown}
 j - a potion of heal wounds {unknown}
 k - a potion of ambrosia {unknown}


   Skills:
 + Level 5.1 Fighting
 + Level 5.2 Axes
 + Level 4.9 Armour
 + Level 4.4 Shields


You had 5 spell levels left.
You didn't know any spells.
Your spell library was empty.

Dungeon Overview and Level Annotations

Branches:
Dungeon (4/15)
 Temple: D:4-7

Altars:

Shops:
D:1 :


Innate Abilities, Weirdness & Mutations

You have a pair of horns on your head.
You reflexively headbutt those who attack you in melee.


Message History

The sky beast hits you.
* * * LOW HITPOINT WARNING * * *
The sky beast shocks you.
* * * LOW HITPOINT WARNING * * *
You feel better.
The quokka bites you but does no damage.
The sky beast flickers out of sight!
Deactivating autopickup; reactivate with Ctrl-A.
Something hits you but does no damage.
You closely miss something. You headbutt something.
You closely miss the quokka.
The quokka bites you but does no damage.
A sky beast appears from thin air!
Reactivating autopickup.
The sky beast hits you but does no damage.
The quokka bites you but does no damage.
You hit the sky beast.
The sky beast is severely wounded.
You miss the quokka.
The sky beast hits you but does no damage.
The quokka bites you but does no damage.
The sky beast hits you.
* * * LOW HITPOINT WARNING * * *
The sky beast shocks you.
* * * LOW HITPOINT WARNING * * *
You hit the sky beast but do no damage. Your headbutt misses the sky beast.
The sky beast is severely wounded.
You closely miss the quokka. The quokka bites you.
* * * LOW HITPOINT WARNING * * *
The quokka barely misses you. You block the sky beast's attack.
You closely miss the sky beast. You headbutt the sky beast!
The sky beast is almost dead.
You closely miss the quokka. You block the quokka's attack.
You block the sky beast's attack. The quokka barely misses you.
You hit the sky beast but do no damage. Your headbutt misses the sky beast.
The sky beast is almost dead.
You hit the quokka but do no damage. The sky beast hits you.
* * * LOW HITPOINT WARNING * * *
The sky beast shocks you.
You die...

#.##..##.####.#
###..............
.................
.................
#........(.......
#......<.........
.................
#..........@.......
##...............
##...$.##(......
##....# #####..
#...## #. #.#.
#..#. ..


You could see a sky beast and a quokka.

Vanquished Creatures
  A scorpion (D:4)
  A howler monkey (D:4)
  An orc priest (D:3)
  7 adders
  2 worms (D:2)
  3 dart slugs
  7 orcs (D:3)
  7 ball pythons
  11 endoplasms
  A giant cockroach (D:1)
  4 goblins
  5 hobgoblins
  A quokka (D:3)
  3 bats
  5 frilled lizards
  3 kobolds (D:1)
  8 rats
70 creatures vanquished.

Notes
Turn   | Place    | Note
-------+----------+-------------------------------------------
     0 | D:1      | angelslayer the Minotaur Fighter began the quest for the
                  | Orb.
     0 | D:1      | Reached XP level 1. HP: 19/19 MP: 0/0
   180 | D:1      | Reached XP level 2. HP: 27/27 MP: 1/1
   349 | D:1      | Found Hoteo's Book Shop.
   349 | D:1      | Noticed a walking frostbound tome
   349 | D:1      | Noticed a walking crystal tome
   594 | D:1      | Reached XP level 3. HP: 33/33 MP: 2/2
  1075 | D:2      | Reached XP level 4. HP: 41/41 MP: 3/3
  1442 | D:2      | Found a faded altar of an unknown god.
  1860 | D:3      | HP: 2/41 [orc priest/divine providence (10)]
  1867 | D:3      | Reached skill level 5 in Fighting
  1879 | D:3      | Reached XP level 5. HP: 20/48 MP: 4/4
  2249 | D:4      | Noticed a sky beast
  2255 | D:4      | Reached skill level 5 in Axes
  2255 | D:4      | Reached XP level 6. HP: 28/56 MP: 5/5
  2272 | D:4      | Slain by a sky beast

Illustrated notes

Levels and vault maps discovered:
D:1:      amcnicky_arrival_feature_with_door, layout_basic, serial_forest,
          infiniplex_forest_clump_small, infiniplex_forest_zigzag_1,
          infiniplex_forest_end_2, infiniplex_forest_straight_3,
          infiniplex_forest_corner_1, infiniplex_forest_end_2,
          infiniplex_forest_clump_curved, infiniplex_forest_pool, serial_shops,
          nicolae_shop_mannequins, st_stairs_7, minmay_tromino_v4_a
D:2:      layout_loops_ring, ebering_ecumenical_altar_hall,
          serial_park_tiny_pond
D:3:      minmay_angry_zag, layout_basic, minmay_tree_intersection,
          minivault_24, grunt_decor_one_mirror
D:4:      layout_rooms

Skill      XL: |  1  2  3  4  5 |
---------------+----------------+-----
Fighting       | 4 5 |  5.1
Armour         | 4 |  4.9
Shields        | 4 |  4.4
Axes           | 3 4 5 |  5.2

Action                     |  1- 3 |  4- 6 || total
---------------------------+-------+-------++-------
  Melee: War axe           |   100 |    91 ||   191
         Headbutt          |    10 |    21 ||    31
    Use: Potion            |       |     4 ||     4
 Armour: Plate armour      |    75 |    55 ||   130
  Dodge: Dodged            |    20 |    21 ||    41
  Block: Buckler           |    18 |    21 ||    39
